 Dungeon Crawl Stone Soup version 0.31.0-11-ge490571c62 (webtiles) character file.

Game seed: 16725580682892544977

54 stipulation the Grave Robber (level 3, -1/16 HPs)
             Began as a Vine Stalker Necromancer on Jan 28, 2024.
             Slain by a gnoll
             ... wielding a +0 flail
              (9 damage)
             ... on level 1 of the Dungeon.
             The game lasted 00:02:03 (1558 turns).

stipulation the Grave Robber (VSNe)                 Turns: 1558, Time: 00:02:03

Health: -1/16      AC:  2    Str: 10    XL:     3   Next: 91%
Magic:  0/8        EV: 12    Int: 17    God:
Gold:   108        SH:  0    Dex: 14    Spells: 7/8 levels left

rFire   . . .        c - +0 dagger
rCold   + . .        (no shield)
rNeg    . . .        a - +0 robe
rPois   .            (no helmet)
rElec   .            (no cloak)
rCorr   .            (no gloves)
SInv    .            (no boots)
Will    .....        (no amulet)
Stlth   ++           e - ring of protection from cold
HPRegen 1.02/turn    (no ring)
MPRegen 0.11/turn

%: guardian spirit
@: no status effects
A: fangs 2, regeneration 1, magic shield, antimagic bite, no potion heal 2
a: no special abilities


You were on level 1 of the Dungeon.
You visited 1 branch of the dungeon, and saw 2 of its levels.

You collected 108 gold pieces.

Inventory:

Hand Weapons
 c - a +0 dagger (weapon)
Armour
 a - a +0 robe (worn)
Jewellery
 e - a ring of protection from cold (left hand)
Scrolls
 g - a scroll of amnesia {unknown}
Potions
 b - a potion of magic
 d - 2 potions of curing {unknown}
 f - a potion of heal wounds {unknown}


   Skills:
 - Level 1.5 Dodging
 - Level 2.4 Stealth
 + Level 3.3 Spellcasting
 + Level 4.7 Necromancy


You had 7 spell levels left.
You knew the following spells:

 Your Spells              Type           Power      Damage    Failure   Level
a - Necrotise             Necr           76%        1d7       2%          1

Your spell library contained the following spells:

 Spells                   Type           Power      Damage    Failure   Level
 Vampiric Draining        Necr           19%        2d7       7%          3
 Animate Dead             Necr           19%        N/A       24%         4
 Curse of Agony           Necr           19%        N/A       54%         5


Dungeon Overview and Level Annotations

Branches:
Dungeon (2/15)

Altars:


Innate Abilities, Weirdness & Mutations

You have extremely sharp teeth.
Your natural rate of healing is unusually fast.
When hurt, damage is shared between your health and your magic reserves.
Your bite disrupts and absorbs the magic of your enemies.
Potions cannot restore your health.


Message History

The ball python barely misses you. The ball python constricts you.
You hit the ball python but do no damage.
The ball python is moderately wounded.
Something bites your ball python skeleton.
The ball python closely misses you. The ball python constricts you.
Something completely misses your ball python skeleton.
You hit the ball python.
The ball python is severely wounded.
The ball python barely misses you. The ball python constricts you.
Your ball python skeleton closely misses the ball python.
Your ball python skeleton barely misses the ball python.
You hit the ball python.
You kill the ball python!
The jackal bites your ball python skeleton.
Your ball python skeleton closely misses the jackal. x2
The jackal bites your ball python skeleton.
Your ball python skeleton is destroyed!
You barely miss the jackal. The jackal barely misses you.
You closely miss the jackal. You bite the jackal. You drain its power.
You feel invigorated.
The jackal is moderately wounded.
The jackal misses you. The jackal bites you.
You hit the jackal. You bite the jackal.
You kill the jackal!
You hit the gnoll but do no damage. You bite the gnoll, but do no damage.
The gnoll hits you with a +0 flail.
You hit the gnoll but do no damage. Your bite misses the gnoll.
The gnoll hits you with a +0 flail.
The jackal stops to sniff the ground.
The gnoll attacks as it pursues you! The gnoll misses you.
You barely miss the gnoll. Your bite misses the gnoll. The gnoll misses you.
You closely miss the gnoll. The gnoll hits you with a +0 flail!
Casting: Necrotise (safe; 2% risk of failure)
Confirm with . or Enter, or press ? or * to list all spells.
Aiming: Necrotise (safe; 2% risk of failure)
Press: ? - help, Shift-Dir - straight line, f - gnoll
Aim: a gnoll, wielding a +0 flail (chance to affect: 84%)
The gnoll writhes in agony.
The gnoll hits you with a +0 flail!
Ouch! That really hurt!
You die...

### #.. #.. #.# #.#
#.# #.# #@# . #g#
... . ####h####....
... ##...h........
.....##.........#..
....hg....#.####....
.......####.# ...
....... #.# ..
...#.Z..###.####....


You could see a gnoll and 2 jackals.

Vanquished Creatures
  An adder (D:2)
  2 dart slugs (D:2)
  2 endoplasms (D:2)
  2 giant cockroaches
  2 goblins
  2 hobgoblins
  11 jackals
  2 kobolds (D:2)
  2 quokkas (D:2)
  2 ball pythons (D:1)
  3 bats (D:2)
  A frilled lizard (D:2)
  3 rats
35 creatures vanquished.

Vanquished Creatures (collateral kills)
  A rat (D:1)
1 creature vanquished.

Grand Total: 36 creatures vanquished

Notes
Turn   | Place    | Note
-------+----------+-------------------------------------------
     0 | D:1      | stipulation the Vine Stalker Necromancer began the quest
                  | for the Orb.
     0 | D:1      | Reached XP level 1. HP: 9/9 MP: 4/4
    79 | D:1      | You fall into a shaft and drop 1 floor!
   111 | D:2      | Reached XP level 2. HP: 13/13 MP: 4/6
   701 | D:2      | Reached XP level 3. HP: 16/16 MP: 4/8
  1558 | D:1      | Slain by a gnoll

Illustrated notes

Levels and vault maps discovered:
D:1:      dpeg_arrival_arbitrary_c, layout_rooms
D:2:      layout_basic, serial_corexii_hall, corexii_hall_statues_s,
          corexii_hall_statues_i, corexii_hall_statues_s,
          chequers_hall_statues_corner_a

Skill      XL: |  1  2  3 |
---------------+----------+-----
Spellcasting   | 3 |  3.3
Dodging        | |  1.5
Stealth        | |  2.4
Necromancy     | |  4.7

Action                     || total
---------------------------++-------
  Melee: Dagger            ||    66
         Bite              ||    19
         Punch             ||     1
   Cast: Necrotise         ||    65
 Armour: Robe              ||    44
  Dodge: Dodged            ||    60
